 Dungeon Crawl Stone Soup version 0.24.1-8-ga250c9d538 (webtiles) character file.

Game seed: 1669352486925031096, levelgen mode: deterministic

259 Peloso the Slasher (level 5, 28/42 HPs)
             Began as a Demonspawn Fighter on May 1, 2020.
             Got out of the dungeon alive.
             The game lasted 00:03:04 (1255 turns).

Peloso the Slasher (Demonspawn Fighter)             Turns: 1255, Time: 00:03:05

Health: 28/42      AC: 13    Str: 17    XL:     5   Next: 94%
Magic:  5/5        EV:  6    Int:  9    God:
Gold:   66         SH:  9    Dex: 13    Spells: 4/4 levels left

rFire    . . .     SeeInvis .   a - +0 long sword
rCold    . . .     Gourm    .   c - +0 shield
rNeg     . . .     Faith    .   i - +0 chain mail
rPois    .         Spirit   .   (helmet restricted)
rElec    .         Reflect  .   e - +0 cloak
rCorr    .         Harm     .   (no gloves)
MR       .....                  (no boots)
Stlth    ..........             (no amulet)
HPRegen  0.14/turn              k - +3 ring of protection
MPRegen  0.09/turn              (no ring)

@: no status effects
A: antennae 1, powered by pain 1, sturdy frame 1
a: no special abilities


You escaped.
You were not hungry.

You visited 1 branch of the dungeon, and saw 3 of its levels.

You collected 66 gold pieces.

Inventory:

Hand Weapons
 a - a +0 long sword (weapon)
Armour
 b - a +0 scale mail
 c - a +0 shield (worn)
 e - a +0 cloak (worn)
 i - a +0 chain mail (worn)
Jewellery
 k - a +3 ring of protection (left hand)
Scrolls
 g - 2 scrolls of remove curse {unknown}
 j - 2 scrolls of identify
 n - a scroll of teleportation
Potions
 h - a potion of magic
Comestibles
 f - 2 rations


   Skills:
 + Level 3.6 Fighting
 + Level 3.7 Long Blades
 + Level 3.5 Armour
 + Level 1.5 Dodging
 + Level 0.1 Stealth
 + Level 3.4 Shields
 + Level 0.6 Unarmed Combat


You had 4 spell levels left.
You didn't know any spells.
Your spell library was empty.

Dungeon Overview and Level Annotations

Branches:
Dungeon (3/15)

Altars:


Innate Abilities, Weirdness & Mutations

You have a pair of small antennae on your head.
You sometimes gain a little power by taking damage.
Your movements are slightly less encumbered by armour. (ER -2)


Message History

You climb upwards.
There is a stone staircase leading down here.
Your transformation has ended.
Your +0 long sword unmelds from your body.
Your +0 cloak unmelds from your body.
Your +0 shield unmelds from your body.
Your +0 chain mail unmelds from your body.
Your +3 ring of protection unmelds from your body.
There is a stone staircase leading up here.
You climb upwards.
There is a stone staircase leading down here.
You see here 21 stones.
You enter the shallow water.
Moving in this stuff is going to be slow.
All of the chunks of flesh in your inventory have rotted away.
You feel a little less mighty now. Why would you want to do that?
There is a staircase leading out of the dungeon here.
There is a staircase leading out of the dungeon here.
Are you sure you want to leave the Dungeon?
This will make you lose the game!
You have escaped!

+......#.#≈≈≈≈≈≈≈≈≈≈≈≈≈#
###'####.#≈≈≈≈≈≈≈≈≈≈≈≈≈#
....#....#≈≈≈≈≈≈≈≈≈≈≈≈≈#
#.###.####≈≈≈≈≈≈≈≈≈≈≈≈≈#
......# #≈≈≈≈≈≈≈≈≈≈≈≈≈#
#.##### #≈≈≈≈≈≈≈≈≈≈≈≈≈#
..# #≈≈≈≈≈≈≈≈≈≈≈≈≈#
##########≈≈≈≈≈...≈≈≈≈≈#
.........#≈≈≈≈..@..≈≈≈≈#
##########≈≈≈≈≈...≈≈≈≈≈#
#≈≈≈≈≈≈≈≈≈≈≈≈≈#
#≈≈≈≈≈≈≈≈≈≈≈≈≈#
#≈≈≈≈≈≈≈≈≈≈≈≈≈# ###
#≈≈≈≈≈≈≈≈≈≈≈≈≈# ..#
############### #.# ..#


There were no monsters in sight!

Vanquished Creatures
  Grinder (D:3)
  A centaur skeleton (D:2)
  2 worms
  3 leopard geckos (D:1)
  An orc (D:3)
  A giant cockroach (D:1)
  A hobgoblin (D:3)
  2 jackals (D:1)
  2 kobolds (D:1)
  A quokka (D:2)
  3 bats
  A frilled lizard (D:1)
  4 goblins (D:1)
  3 rats (D:1)
26 creatures vanquished.

Notes
Turn   | Place    | Note
-------+----------+-------------------------------------------
     0 | D:1      | Peloso the Demonspawn Fighter began the quest for the Orb.
     0 | D:1      | Reached XP level 1. HP: 18/18 MP: 1/1
   297 | D:1      | Gained mutation: You sometimes gain a little power by
                  | taking damage. [demonic ancestry]
   297 | D:1      | Reached XP level 2. HP: 18/24 MP: 2/2
   745 | D:2      | Reached XP level 3. HP: 20/29 MP: 3/3
   835 | D:2      | Reached skill level 1 in Dodging
  1027 | D:3      | Noticed Grinder
  1027 | D:3      | Paralysed by Grinder for 4 turns
  1195 | D:3      | Paralysed by Grinder for 4 turns
  1209 | D:3      | Killed Grinder
  1209 | D:3      | Gained mutation: You have a pair of small antennae on your
                  | head. [demonic ancestry]
  1209 | D:3      | Reached XP level 4. HP: 18/37 MP: 4/4
  1209 | D:3      | Gained mutation: Your movements are slightly less
                  | encumbered by armour. (ER -2) [demonic ancestry]
  1209 | D:3      | Reached XP level 5. HP: 21/42 MP: 5/5
  1255 | D:$      | Got out of the dungeon alive.

Levels and vault maps discovered:
D:1:      zaba_arrival_water, layout_basic
D:2:      layout_rooms
D:3:      layout_rooms, first_ration, uniq_grinder

Skill      XL: |  1  2  3 |
---------------+----------+-----
Armour         | 3 |  3.5
Long Blades    | 2 3 |  3.7
Shields        | 3 |  3.4
Dodging        | 1 |  1.5
Fighting       | |  3.6
Stealth        | |  0.1
Unarmed Combat | |  0.6

Action                   |  1- 3 |  4- 6 || total
-------------------------+-------+-------++-------
Melee: Long sword        |    95 |       ||    95
       Unarmed           |    11 |       ||    11
  Use: Potion            |     5 |       ||     5
       Scroll            |     1 |       ||     1
  Eat: Chunk             |     1 |       ||     1
Armor: Scale mail        |    29 |       ||    29
       Chain mail        |    28 |       ||    28
Dodge: Dodged            |    30 |       ||    30
Block: Shield            |    54 |       ||    54
       Rpst.: Long sword |     8 |       ||     8
